 Dungeon Crawl Stone Soup version 0.26.0-3-g156281e41b (webtiles) character file.

Game seed: 17567646203460206566

132 flea the Cutter (level 4, 0/24 HPs)
             Began as a Spriggan Gladiator on Jan 9, 2021.
             Succumbed to a worker ant's poison
             ... on level 3 of the Dungeon.
             The game lasted 00:09:49 (3138 turns).

flea the Cutter (Spriggan Gladiator)                Turns: 3138, Time: 00:09:49

Health: 0/24       AC:  3    Str: 11    XL:     4   Next: 92%
Magic:  5/5        EV: 20    Int:  9    God:
Gold:   194        SH:  0    Dex: 17    Spells: 3/3 levels left

rFire    . . .     SeeInvis +   a - +0 rapier
rCold    . . .     Faith    .   (shield restricted)
rNeg     . . .     Spirit   .   m - +0 robe
rPois    .         Reflect  .   c - +0 hat
rElec    .         Harm     .   (no cloak)
rCorr    .         Rampage  .   (gloves unavailable)
Will     .....                  (boots unavailable)
Stlth    +++.......             (no amulet)
HPRegen  0.08/turn              (no ring)
MPRegen  0.09/turn              (no ring)

@: lethally poisoned (0 -> -7), very quick
A: very small, unfitting armour, see invisible, deterioration 1, speed 3, robust
1, shaggy fur 1
a: no special abilities


You were on level 3 of the Dungeon.
You visited 1 branch of the dungeon, and saw 3 of its levels.

You collected 194 gold pieces.

Inventory:

Hand Weapons
 a - a +0 rapier (weapon)
 b - a +0 hunting sling
Missiles
 d - 2 throwing nets
 e - 112 stones (quivered)
Armour
 c - a +0 hat (worn)
 m - a +0 robe (worn)
Scrolls
 f - 2 scrolls of remove curse
 h - 2 scrolls of teleportation
 i - a scroll of immolation {unknown}
 k - a scroll of fear {unknown}
 l - a scroll of fog {unknown}


   Skills:
 - Level 1.5 Fighting
 + Level 4.7 Short Blades
 + Level 1.2(2.3) Slings
 - Level 2.4(2.5) Throwing
 - Level 4.4 Dodging
 + Level 4.6 Stealth


You had 3 spell levels left.
You didn't know any spells.
Your spell library was empty.

Dungeon Overview and Level Annotations

Branches:
Dungeon (3/15)

Altars:
Cheibriados
Ru


Innate Abilities, Weirdness & Mutations

You are very small and have problems with some larger weapons.
You are too small for most types of armour.
You have supernaturally acute eyesight. (SInv)
You cover ground extremely quickly.
Your body sometimes deteriorates upon taking damage.
You are robust. (+10% HP)
You are covered in fur. (AC +1)


Message History

Your base Slings skill increases to level 1!
* * * LOW HITPOINT WARNING * * *
You feel sick.
You see here a worker ant corpse.
* * * LOW HITPOINT WARNING * * *
You feel sick.
* * * LOW HITPOINT WARNING * * *
You feel sick.
* * * LOW HITPOINT WARNING * * *
You feel sick.
* * * LOW HITPOINT WARNING * * *
You feel sick.
* * * LOW HITPOINT WARNING * * *
You feel sick.
You see here a scale mail.
* * * LOW HITPOINT WARNING * * *
You feel sick.
You aren't carrying any potions.
You see here a stone.
You die...

..###.###### ##.#
#(.........# ###(.###
.....#.....# #......#
.....†.....# #(#(##.#
##.###.....# #.#(##.#
##.###.....# #.#.##.#
.....#########.#.##.#
##.#.......<.#.#.##.#
##.#.##.##.#.#..@...#
##..†...##.#.###(####
####>##.....([...#
####.##.##.#.#####
...........#.#
#######......#
########


There were no monsters in sight!

Vanquished Creatures
  2 worker ants
  4 adders (D:2)
  A dart slug (D:1)
  3 leopard geckos (D:1)
  An orc (D:3)
  2 giant cockroaches
  6 goblins
  5 hobgoblins
  8 kobolds
  6 bats
  A frilled lizard (D:3)
  4 rats
43 creatures vanquished.

Vanquished Creatures (others)
  A fungus (D:2)
1 creature vanquished.

Grand Total: 44 creatures vanquished

Notes
Turn   | Place    | Note
-------+----------+-------------------------------------------
     0 | D:1      | flea the Spriggan Gladiator began the quest for the Orb.
     0 | D:1      | Reached XP level 1. HP: 10/10 MP: 2/2
   282 | D:1      | Reached skill level 1 in Stealth
   575 | D:1      | Reached XP level 2. HP: 11/14 MP: 3/3
  1200 | D:2      | Reached XP level 3. HP: 16/18 MP: 4/4
  1354 | D:2      | Reached XP level 4. HP: 22/22 MP: 5/5
  1730 | D:2      | Found a snail-covered altar of Cheibriados.
  2241 | D:2      | Found a sacrificial altar of Ru.
  2593 | D:3      | Gained mutation: You are covered in fur. (AC +1) [potion of
                  | mutation]
  2593 | D:3      | Gained mutation: Your body sometimes deteriorates upon
                  | taking damage. [potion of mutation]
  2593 | D:3      | Gained mutation: You are robust. (+10% HP) [potion of
                  | mutation]
  2611 | D:3      | HP: 1/24 [poisoned by a worker ant]
  2616 | D:2      | HP: 1/24 [poisoned by a worker ant]
  3124 | D:3      | Reached skill level 1 in Slings
  3135 | D:3      | HP: 1/24 [poisoned by a worker ant]
  3138 | D:3      | Succumbed to a worker ant's poison

Illustrated notes

Levels and vault maps discovered:
D:1:      saegor_arrival_simple_a, layout_basic
D:2:      layout_loops_corners, nicolae_ru_the_path_less_chosen,
          old_standard_altar
D:3:      layout_loops_cross, nicolae_overflow_crystal_walls, minivault_26,
          minivault_23

Skill      XL: |  1  2  3  4 |
---------------+-------------+-----
Stealth        | 1 3 4 |  4.6
Short Blades   | 4 |  4.7
Slings         | 1 |  1.2
Fighting       | |  1.5
Throwing       | |  2.4
Dodging        | |  4.4

Action                   |  1- 3 |  4- 6 || total
-------------------------+-------+-------++-------
Melee: Rapier            |    62 |    67 ||   129
 Fire: Hunting sling     |       |    26 ||    26
Throw: Stone             |     5 |     3 ||     8
       Throwing net      |     2 |       ||     2
  Use: Scroll            |       |     2 ||     2
       Potion            |       |     2 ||     2
 Stab: Sleeping          |     6 |     8 ||    14
       Distracted        |       |     1 ||     1
Armor: Robe              |     3 |     6 ||     9
Dodge: Dodged            |    45 |    46 ||    91
